 Dungeon Crawl Stone Soup version 0.30.1 (webtiles) character file.

Game seed: 15210801028639969501

1421 Cidec the Cleaver (level 8, -6/84 HPs)
             Began as a Demonspawn Gladiator on July 6, 2023.
             Was a Follower of Makhleb.
             Mangled by a hornet (12 damage)
             ... while paralysed by a hornet
             ... on level 7 of the Dungeon.
             The game lasted 00:21:08 (5915 turns).

Cidec the Cleaver (Demonspawn Gladiator)            Turns: 5915, Time: 00:21:09

Health: -6/84      AC: 24    Str: 16    XL:     8   Next: 44%
Magic:  0/8        EV:  2    Int:  9    God:    Makhleb [*.....]
Gold:   105        SH:  0    Dex: 16    Spells: 7/7 levels left

rFire   . . .        h - +6 war axe of the Spectre {protect, rC+}
rCold   + . .        (no shield)
rNeg    . . .        w - melded +0 plate armour
rPois   +            c - melded +0 helmet
rElec   .            (cloak currently unavailable)
rCorr   .            n - melded +0 pair of gloves
SInv    .            (boots currently unavailable)
Will    .....        e - amulet of guardian spirit
Stlth   +            (no ring)
HPRegen 0.34/turn    (no ring)
MPRegen 0.22/turn

%: guardian spirit
@: paralysed, tree-form, slowed
A: stationary, stasis, torment immunity, boosted hp, (slimy green scales 2),
magic regeneration, (demonic touch 1)
a: Renounce Religion


You were on level 7 of the Dungeon.
You worshipped Makhleb.
Makhleb was aware of your devotion.
You were a tree.
You visited 2 branches of the dungeon, and saw 8 of its levels.

You collected 105 gold pieces.

Inventory:

Hand Weapons
 h - the +6 war axe of the Spectre (weapon) {protect, rC+}
   (You found it on level 2 of the Dungeon)

   rC:        It protects you from cold.
Armour
 c - a +0 helmet (melded)
 n - a +0 pair of gloves (melded)
 w - a +0 plate armour (melded)
Jewellery
 e - an amulet of guardian spirit (around neck)
 q - a ring of ice
Wands
 f - a wand of flame (17)
 j - a wand of roots (10)
 p - a wand of paralysis (4)
Scrolls
 i - 3 scrolls of teleportation {unknown}
 m - 2 scrolls of enchant weapon {unknown}
 o - 3 scrolls of poison {unknown}
 s - a scroll of vulnerability {unknown}
 t - a scroll of amnesia {unknown}
 v - 2 scrolls of magic mapping {unknown}
Potions
 a - a potion of brilliance
 b - 3 potions of flight {unknown}
 g - a potion of degeneration
 k - a potion of curing
 l - a potion of invisibility
 r - 3 potions of mutation


   Skills:
 - Level 2.0 Fighting
 + Level 10.0 Axes
 - Level 1.7 Throwing
 - Level 2.6 Dodging


You had 7 spell levels left.
You didn't know any spells.
Your spell library contained the following spells:

 Spells                   Type           Power      Damage    Failure   Level
 Freeze                   Ice            0%         1d3       38%         1
 Frozen Ramparts          Ice            0%         1d1       77%         3
 Hailstorm                Conj/Ice       0%         3d3       77%         3
 Ignite Poison            Fire/Tmut/Pois 0%         N/A       77%         3
 Inner Flame              Hex/Fire       0%         N/A       77%         3
 Vhi's Electric Charge    Tloc/Air       0%         N/A       77%         3
 Flame Wave               Conj/Fire      0%         2d4       99%         4
 Ice Form                 Ice/Tmut       0%         N/A       99%         4
 Passage of Golubria      Tloc           0%         N/A       99%         4
 Sticky Flame             Conj/Fire      0%         2d3       99%         4
 Summon Ice Beast         Ice/Summ       0%         N/A       99%         4
 Arcjolt                  Conj/Air       0%         1d10      100%        5
 Silence                  Hex/Air        0%         N/A       100%        5
 Summon Mana Viper        Hex/Summ       0%         N/A       100%        5
 Simulacrum               Ice/Necr       0%         N/A       100%        6
 Monstrous Menagerie      Summ           0%         N/A       100%        7
 Ignition                 Fire           0%         3d3       100%        8
 Lehudib's Crystal Spear  Conj/Erth      0%         10d2      100%        8
 Maxwell's Capacitive Co  Air            0%         ∞         100%        8


Dungeon Overview and Level Annotations

Branches:
Dungeon (7/15)             Temple (1/1) D:5

Altars:
Cheibriados
Dithmenos
Fedhas
Gozag
Hepliaklqana
Makhleb
Nemelex Xobeh
Ru
Sif Muna
Trog
Uskayaw
Xom

Shops:
D:3 :   D:6 :

Annotations:
D:3 1 runed translucent door, Crazy Yiuf


Innate Abilities, Weirdness & Mutations

You are a tree.
Your roots penetrate the ground, keeping you stationary.
You cannot be teleported.
You are immune to unholy pain and torment.
Your maximum health is greatly increased.
Your equipment is partially melded.
((You are mostly covered in slimy green scales. (AC +3)))
You regenerate magic rapidly.
((Your touch may inflict minor irresistible damage on your foes.))


Message History

The hornet stings you.
You are lethally poisoned!
You feel as though you will be slow longer.
The hornet stings you.
You feel as though you will be slow longer.
You hit the hornet but do no damage.
The hornet is severely wounded.
* * * LOW HITPOINT WARNING * * *
You feel extremely sick.
The hornet stings you but does no damage.
The hornet stings you.
* * * LOW HITPOINT WARNING * * *
You feel as though you will be slow longer.
You feel better. The hornet stings you.
* * * LOW HITPOINT WARNING * * *
You feel as though you will be slow longer.
The hornet barely misses you. The hornet completely misses you.
Really quaff the potion of lignification?
Okay, then.
Really quaff the potion of lignification?
Uppercase [Y]es or [N]o only, please.
Really quaff the potion of lignification?
You turn into a tree.
Your +0 helmet melds into your body.
Your +0 pair of gloves melds into your body.
Your +0 plate armour melds into your body.
Your roots penetrate the ground.
The hornet stings you!
* * * LOW HITPOINT WARNING * * *
You feel as though you will be slow longer.
The hornet stings you but does no damage.
The hornet stings you but does no damage.
The hornet stings you.
* * * LOW HITPOINT WARNING * * *
The hornet stings you!
* * * LOW HITPOINT WARNING * * *
The hornet stings you.
* * * LOW HITPOINT WARNING * * *
The hornet stings you.
You suddenly lose the ability to move!
The hornet stings you but does no damage.
The hornet stings you!
You die...

.[ #.# #.#.#
#.#.. #.#.#
#### #.#.##....
######.#.......
#..y♣..........
#.####.#.......
#..........
#..#######.
##........#
#.....###.#
#.....# #.....#
#.....#


You could see a hornet.

Vanquished Creatures
  A steam dragon (D:4)
  A water moccasin (D:6)
  2 black bears (D:6)
  3 ice beasts (D:5)
  2 scorpions
  A gnoll sergeant (D:7)
  A howler monkey (D:7)
  2 orc priests (D:6)
  A hound (D:5)
  A jelly (D:5)
  A sleepcap (D:5)
  6 orc wizards
  3 adders
  8 gnolls
  A white imp (D:6)
  3 worms
  4 dart slugs
  13 orcs
  4 endoplasms
  4 giant cockroaches
  3 goblins
  5 hobgoblins
  3 jackals (D:2)
  5 kobolds
  7 quokkas
  6 ball pythons
  6 bats
  3 frilled lizards (D:2)
  7 rats
107 creatures vanquished.

Notes
Turn   | Place    | Note
-------+----------+-------------------------------------------
     0 | D:1      | Cidec the Demonspawn Gladiator began the quest for the Orb.
     0 | D:1      | Reached XP level 1. HP: 16/16 MP: 1/1
    31 | D:1      | Reached skill level 3 in Axes
   129 | D:1      | Gained mutation: You are partially covered in slimy green
                  | scales. (AC +2) [demonic ancestry]
   129 | D:1      | Reached XP level 2. HP: 20/22 MP: 2/2
   596 | D:1      | You fall into a shaft and drop 1 floor!
  1309 | D:2      | Reached XP level 3. HP: 27/27 MP: 1/3
  1367 | D:2      | Identified the +6 war axe of the Spectre {protect, rC+}
  1407 | D:2      | Reached skill level 4 in Axes
  1451 | D:2      | Identified the +7 long sword of Noasmuem {freeze, *Noise
                  | rPois Dex+2}
  1527 | D:2      | Gained mutation: Your touch may inflict minor irresistible
                  | damage on your foes. [demonic ancestry]
  1527 | D:2      | Reached XP level 4. HP: 15/33 MP: 4/4
  1804 | D:3      | Found Aghedoq's Book Boutique.
  1859 | D:3      | Found a runed translucent door.
  1860 | D:3      | Noticed Crazy Yiuf
  1948 | D:3      | Reached skill level 5 in Axes
  2220 | D:3      | Found a faded altar of an unknown god.
  2586 | D:4      | Reached XP level 5. HP: 38/38 MP: 5/5
  2734 | D:4      | Noticed a steam dragon
  2967 | D:5      | Entered Level 5 of the Dungeon
  3021 | D:5      | Found a staircase to the Ecumenical Temple.
  3029 | Temple   | Entered the Ecumenical Temple
  3122 | Temple   | Became a worshipper of Makhleb the Destroyer
  3210 | D:5      | Noticed an ice beast
  3252 | D:5      | Reached skill level 6 in Axes
  3400 | D:5      | Noticed an ice beast
  3411 | D:5      | Killed an ice beast
  3412 | D:5      | Gained mutation: You regenerate magic rapidly. [demonic
                  | ancestry]
  3412 | D:5      | Reached XP level 6. HP: 36/44 MP: 6/6
  4020 | D:5      | Noticed an ice beast
  4028 | D:5      | Killed an ice beast
  4029 | D:5      | Reached skill level 7 in Axes
  4139 | D:5      | Killed an ice beast
  4140 | D:5      | Gained mutation: You are mostly covered in slimy green
                  | scales. (AC +3) [demonic ancestry]
  4140 | D:5      | Reached XP level 7. HP: 50/50 MP: 7/7
  4262 | D:4      | Killed a steam dragon
  4263 | D:4      | Reached skill level 8 in Axes
  4840 | D:6      | Found Buniw's Book Boutique.
  4933 | D:6      | Reached skill level 9 in Axes
  4933 | D:6      | Reached XP level 8. HP: 50/56 MP: 8/8
  5004 | D:6      | Found a blossoming altar of Fedhas.
  5005 | D:6      | Found a shimmering altar of Xom.
  5737 | D:6      | Reached * piety under Makhleb
  5902 | D:7      | Reached skill level 10 in Axes
  5902 | D:7      | Noticed a hornet
  5915 | D:7      | Paralysed by a hornet for 2 turns
  5915 | D:7      | Mangled by a hornet

Illustrated notes

Levels and vault maps discovered:
D:1:      pf_arrival_petrified_forest, layout_basic
D:2:      cheibrodos_helix_gallery, layout_rooms
D:3:      layout_loops_ring, chequers_ecumenical_altar_simple_redux,
          serial_shops, nicolae_shop_hallway_stairs, uniq_crazy_yiuf_cottage
D:4:      layout_basic
D:5:      layout_cave_pods, minmay_temple_entry_drinking_statues
D:6:      layout_cave_pods, nicolae_overflow_squiral, serial_shops, shop
D:7:      layout_basic, mainiacjoe_overflow_paths
Temple:   bh_familiar_temple

Skill      XL: |  1  2  3  4  5  6  7  8 |
---------------+-------------------------+-----
Axes           | 3 4 5 6 7 9 10 | 10.0
Fighting       | |  2.0
Throwing       | |  1.7
Dodging        | |  2.6

Action                     |  1- 3 |  4- 6 |  7- 9 || total
---------------------------+-------+-------+-------++-------
  Melee: War axe           |    89 |    78 |    96 ||   263
         Punch             |     1 |       |     1 ||     2
         Touch             |       |    10 |    15 ||    25
    Use: Potion            |     3 |     1 |     4 ||     8
         Scroll            |     2 |     3 |     2 ||     7
   Stab: Sleeping          |     2 |     3 |       ||     5
 Armour: Leather armour    |    54 |    46 |    39 ||   139
         Plate armour      |       |       |    34 ||    34
         Skin              |       |       |     3 ||     3
  Dodge: Dodged            |    80 |    45 |    29 ||   154
